 Dungeon Crawl Stone Soup version 0.24.0-123-gd5b16e6ec5 (webtiles) character file.

Game seed: 6354888801642989763, levelgen mode: deterministic

4277 FishyPogo the Martial Artist (level 10, -14/76 HPs)
             Began as a Gnoll Transmuter on Feb 3, 2020.
             Was a Follower of Sif Muna.
             Demolished by an orc warrior
             ... wielding a +0 glaive
              (24 damage)
             ... on level 8 of the Dungeon.
             The game lasted 00:21:09 (7032 turns).

FishyPogo the Martial Artist (Gnoll Transmuter)     Turns: 7032, Time: 00:21:10

Health: -14/76     AC:  2    Str: 16    XL:     10   Next: 31%
Magic:  20/20      EV: 27    Int: 18    God:    Sif Muna [*.....]
Gold:   467        SH:  0    Dex: 21    Spells: 12/23 levels left

rFire    . . .     SeeInvis .     - Unarmed
rCold    + . .     Gourm    .   (shield currently unavailable)
rNeg     . . .     Faith    .   (armour currently unavailable)
rPois    x         Spirit   .   (helmet currently unavailable)
rElec    .         Reflect  .   (cloak currently unavailable)
rCorr    .         Harm     .   (gloves currently unavailable)
MR       .....                  (boots currently unavailable)
Stlth    +++.......             (no amulet)
HPRegen  0.22/turn              J - ring of protection from cold
MPRegen  0.17/turn              M - +3 ring of strength

@: spider-form (expiring)
A: tiny, distributed training, strong nose
a: End Transformation, Channel Magic, Renounce Religion


You were on level 8 of the Dungeon.
You worshipped Sif Muna.
Sif Muna was aware of your devotion.
You were not hungry.
You were a venomous arachnid creature.
You visited 2 branches of the dungeon, and saw 9 of its levels.

You collected 467 gold pieces.

Inventory:

Hand Weapons
 p - a +4 flail (melded)
Missiles
 a - 113 arrows
 e - 361 stones
 h - 43 poisoned darts
 r - 11 boomerangs (quivered)
 s - 4 curare-tipped darts
 w - 14 javelins
 N - 2 throwing nets
Armour
 u - a +0 robe
 v - a +0 cloak (melded)
 y - a +0 large shield
 B - the +4 ring mail of Analysis (melded) {MR+}
   (You found it on level 4 of the Dungeon)

   It affects your resistance to hostile enchantments.
 O - a +3 buckler (melded)
Jewellery
 J - a ring of protection from cold (left front leg)
 M - a +3 ring of strength (right front leg)
Wands
 f - a wand of digging (11)
 E - a wand of random effects (20)
Scrolls
 b - 2 scrolls of enchant weapon {unknown}
 g - 6 scrolls of remove curse {unknown}
 l - 4 scrolls of teleportation
 m - 2 scrolls of enchant armour
 n - a scroll of noise {unknown}
 o - a scroll of identify
 q - a scroll of fog {unknown}
 A - 2 scrolls of magic mapping {unknown}
 F - 3 scrolls of amnesia {unknown}
 L - a scroll of immolation {unknown}
Potions
 c - 2 potions of might
 i - a potion of cancellation
 j - 2 potions of agility
 t - a potion of berserk rage {unknown}
 x - a potion of lignification {unknown}
 z - 2 potions of magic {unknown}
 C - 2 potions of degeneration
 D - a potion of haste {unknown}
 G - a potion of brilliance {unknown}
 I - a potion of resistance {unknown}
 K - 2 potions of flight {unknown}
Comestibles
 d - 18 rations
 k - 3 chunks of flesh


   Skills:
 + Level 5.7 Fighting
 + Level 5.1 Short Blades
 + Level 5.1 Long Blades
 + Level 5.1 Axes
 + Level 5.1 Maces & Flails
 + Level 5.1 Polearms
 + Level 5.1 Staves
 + Level 5.1 Slings
 + Level 5.1 Bows
 + Level 5.1 Crossbows
 + Level 5.1 Throwing
 + Level 5.1 Armour
 + Level 6.9 Dodging
 + Level 5.1 Stealth
 + Level 5.1 Shields
 + Level 8.4 Unarmed Combat
 + Level 7.2 Spellcasting
 + Level 4.2 Conjurations
 + Level 4.2 Hexes
 + Level 4.2 Charms
 + Level 4.2 Summonings
 + Level 4.2 Necromancy
 + Level 4.2 Translocations
 + Level 5.7 Transmutations
 + Level 4.2 Fire Magic
 + Level 4.2 Ice Magic
 + Level 4.2 Air Magic
 + Level 4.2 Earth Magic
 + Level 4.2 Poison Magic
 + Level 5.6 Invocations
 + Level 5.1 Evocations


You had 12 spell levels left.
You knew the following spells:

 Your Spells              Type           Power        Failure   Level  Hunger
h - Regeneration          Chrm/Necr      ###.......   16%         3    #......
p - Ice Form              Ice/Tmut       ###.....     32%         4    ###....
u - Spider Form           Tmut/Pois      ###.......   13%         3    #......
y - Beastly Appendage     Tmut           ####..       5%          1    None

Your spell library contained the following spells:

 Spells                   Type           Power        Failure   Level  Hunger
 Sticks to Snakes         Tmut           ####....     7%          2    None
 Animate Skeleton         Necr           N/A          8%          1    None
 Pain                     Necr           ###.         8%          1    None
 Vampiric Draining        Necr           ###.......   16%         3    #......
 Animate Dead             Necr           N/A          38%         4    ###....
 Blade Hands              Tmut           ####......   50%         5    #####..


Dungeon Overview and Level Annotations

Branches:
Dungeon (8/15)             Temple (1/1) D:6
   Lair: D:8-11

Altars:
Ashenzari
Cheibriados
Dithmenos
Elyvilon
Fedhas
Hepliaklqana
Kikubaaqudgha
Makhleb
Nemelex Xobeh
Okawaru
Qazlal
Ru
Sif Muna
Trog
Uskayaw
Wu Jian
Xom
Yredelemnul
Zin
The Shining One


Innate Abilities, Weirdness & Mutations

Your experience applies equally to all skills.
((You have very sharp teeth.))
Your uncanny sense of smell can sniff out nearby items.


Message History

You hit the orc warrior.
The orc warrior is poisoned.
The orc warrior is lightly wounded.
Okay, then.
You bite the orc warrior!
The orc warrior looks as sick as possible!
The orc warrior is heavily wounded.
The orc warrior closely misses you.
You hit the orc warrior.
The orc warrior looks as sick as possible!
The orc warrior is heavily wounded.
The orc priest completely misses you.
The orc warrior hits you with a +0 glaive!
* * * LOW HITPOINT WARNING * * *
You bite the orc priest!
You kill the orc priest!
Sif Muna accepts your kill.
You hit the orc warrior but do no damage.
The orc warrior is severely wounded.
The orc warrior hits you with a +0 glaive!!
You die...

#.......#...........?............
........#..........<.............
............#####................
....................#.##..yy.....
...........#.......# .##...y.....
....##.....#.......##.##.#.......
....#####............... #.......
........#......o........ .....#..
........#.....∆#s.............#..
........#..?...#).........#...#..
#.......#....o##.........##...#
###.....#.....##......... ...#
.....#.....).........
#..####.####.... #.. .... ....
#.. ...o.. +## ... ......#


You could see an orc warrior.

Vanquished Creatures
  Harold (D:7)
  Pikel (D:6)
  A hornet (D:8)
  A spriggan (D:7)
  A wraith (D:8)
  2 hungry ghosts
  3 sky beasts
  2 phantoms
  4 slaves (D:6)
  A black bear (D:6)
  3 ogres
  A centaur (D:5)
  Blork the orc (D:5)
  3 bullfrogs
  3 killer bees (D:8)
  A howler monkey (D:4)
  4 crimson imps
  A bullfrog zombie (D:7)
  Crazy Yiuf (D:3)
  2 bullfrog skeletons
  An orc priest (D:8)
  2 centaur skeletons
  2 hounds
  2 jellies
  An orc wizard (D:3)
  Jessica (D:3)
  2 iguanas
  6 worker ants
  3 killer bee zombies
  A hound skeleton (D:6)
  3 gnolls (D:3)
  A worker ant zombie (D:7)
  2 howler monkey skeletons
  5 adders
  2 shadow imps
  2 oozes
  An adder skeleton (D:8)
  3 worms
  A dart slug (D:1)
  4 leopard geckos
  26 orcs
  3 ball pythons
  6 bats
  6 giant cockroaches
  8 goblins
  6 hobgoblins
  10 jackals
  3 quokkas
  3 frilled lizards
  9 kobolds
  A leopard gecko skeleton (D:4)
  2 quokka skeletons (D:5)
  10 rats
175 creatures vanquished.

Notes
Turn   | Place    | Note
-------+----------+-------------------------------------------
     0 | D:1      | FishyPogo the Gnoll Transmuter began the quest for the Orb.
     0 | D:1      | Reached XP level 1. HP: 17/17 MP: 6/6
   196 | D:1      | Reached XP level 2. HP: 22/23 MP: 5/7
   701 | D:2      | Reached XP level 3. HP: 22/28 MP: 7/9
   706 | D:2      | Learned a level 3 spell: Spider Form
   738 | D:2      | Reached skill level 5 in Spellcasting
  1011 | D:2      | Found a shadowy altar of Dithmenos.
  1059 | D:2      | Found a glowing silver altar of Zin.
  1067 | D:2      | Reached skill level 1 in Invocations
  1528 | D:3      | Reached skill level 1 in Short Blades
  1528 | D:3      | Reached skill level 1 in Long Blades
  1528 | D:3      | Reached skill level 1 in Axes
  1528 | D:3      | Reached skill level 1 in Maces & Flails
  1528 | D:3      | Reached skill level 1 in Polearms
  1528 | D:3      | Reached skill level 1 in Staves
  1528 | D:3      | Reached skill level 1 in Slings
  1528 | D:3      | Reached skill level 1 in Bows
  1528 | D:3      | Reached skill level 1 in Crossbows
  1528 | D:3      | Reached skill level 1 in Throwing
  1528 | D:3      | Reached skill level 1 in Armour
  1528 | D:3      | Reached skill level 1 in Stealth
  1528 | D:3      | Reached skill level 1 in Shields
  1528 | D:3      | Reached skill level 1 in Evocations
  1548 | D:3      | Reached XP level 4. HP: 28/34 MP: 3/11
  1699 | D:3      | Reached skill level 1 in Conjurations
  1699 | D:3      | Reached skill level 1 in Hexes
  1699 | D:3      | Reached skill level 1 in Charms
  1699 | D:3      | Reached skill level 1 in Summonings
  1699 | D:3      | Reached skill level 1 in Necromancy
  1699 | D:3      | Reached skill level 1 in Translocations
  1699 | D:3      | Reached skill level 1 in Fire Magic
  1699 | D:3      | Reached skill level 1 in Ice Magic
  1699 | D:3      | Reached skill level 1 in Air Magic
  1699 | D:3      | Reached skill level 1 in Earth Magic
  1699 | D:3      | Reached skill level 1 in Poison Magic
  1705 | D:3      | Reached XP level 5. HP: 25/40 MP: 6/12
  1864 | D:3      | Found a runed translucent door.
  1864 | D:3      | Noticed Jessica
  1865 | D:3      | Noticed Crazy Yiuf
  2269 | D:3      | Killed Jessica
  2275 | D:3      | Killed Crazy Yiuf
  2275 | D:3      | Reached XP level 6. HP: 26/47 MP: 6/13
  2474 | D:4      | Reached skill level 5 in Dodging
  2884 | D:4      | Learned a level 4 spell: Ice Form
  2918 | D:4      | Reached XP level 7. HP: 28/52 MP: 11/15
  3288 | D:4      | Got an encrusted ring mail
  3360 | D:4      | Reached skill level 7 in Unarmed Combat
  3379 | D:4      | Found an iron altar of Okawaru.
  3491 | D:5      | Entered Level 5 of the Dungeon
  3668 | D:5      | Found a glowing golden altar of the Shining One.
  3670 | D:5      | Noticed an angel
  3688 | D:5      | Found a basalt altar of Yredelemnul.
  3690 | D:5      | Noticed a profane servitor
  3983 | D:5      | Noticed Blork the orc
  3993 | D:5      | Killed Blork the orc
  4178 | D:5      | Identified the +4 ring mail of Analysis {MR+} (You found it
                  | on level 4 of the Dungeon)
  4221 | D:5      | Reached XP level 8. HP: 8/60 MP: 11/16
  4558 | D:5      | Found a glowing golden altar of the Shining One.
  4560 | D:5      | Found an iron altar of Okawaru.
  4560 | D:5      | Found a shimmering altar of Xom.
  4562 | D:5      | Found a burning altar of Makhleb.
  4562 | D:5      | Found a basalt altar of Yredelemnul.
  4562 | D:5      | Found an ancient bone altar of Kikubaaqudgha.
  4880 | D:6      | Found a staircase to the Ecumenical Temple.
  4889 | Temple   | Entered the Ecumenical Temple
  4921 | Temple   | Became a worshipper of Sif Muna the Loreminder
  5166 | D:6      | Found a bloodstained altar of Trog.
  5290 | D:6      | Noticed Pikel
  5308 | D:6      | Killed Pikel
  5308 | D:6      | Reached XP level 9. HP: 58/66 MP: 15/18
  5322 | D:6      | Reached skill level 5 in Transmutations
  5691 | D:7      | Noticed Harold
  5734 | D:7      | Killed Harold
  5734 | D:7      | Reached skill level 5 in Fighting
  5734 | D:7      | Reached skill level 8 in Unarmed Combat
  6061 | D:7      | Reached skill level 5 in Invocations
  6269 | D:7      | Reached XP level 10. HP: 67/74 MP: 20/20
  6420 | D:8      | Paralysed by a hornet for 1 turns
  6432 | D:8      | Reached * piety under Sif Muna
  6554 | D:8      | HP: 2/75 [killer bee (6)]
  6909 | D:8      | Found a hazy altar of Hepliaklqana.
  6967 | D:8      | Reached skill level 5 in Short Blades
  6967 | D:8      | Reached skill level 5 in Long Blades
  6967 | D:8      | Reached skill level 5 in Axes
  6967 | D:8      | Reached skill level 5 in Maces & Flails
  6967 | D:8      | Reached skill level 5 in Polearms
  6967 | D:8      | Reached skill level 5 in Staves
  6967 | D:8      | Reached skill level 5 in Slings
  6967 | D:8      | Reached skill level 5 in Bows
  6967 | D:8      | Reached skill level 5 in Crossbows
  6967 | D:8      | Reached skill level 5 in Throwing
  6967 | D:8      | Reached skill level 5 in Armour
  6967 | D:8      | Reached skill level 5 in Stealth
  6967 | D:8      | Reached skill level 5 in Shields
  6967 | D:8      | Reached skill level 5 in Evocations
  6992 | D:8      | Learned a level 3 spell: Regeneration
  7024 | D:8      | Found a burning altar of Makhleb.
  7032 | D:8      | Demolished by an orc warrior

Levels and vault maps discovered:
D:1:      roderic_crossed_star, layout_basic
D:2:      layout_basic, lemuel_round_altar, nicolae_overflow_crystal_walls
D:3:      layout_loops_ring, hangedman_abyss_or_decor_lesser_grid,
          uniq_crazy_yiuf_cottage, uniq_jessica
D:4:      layout_basic, marbit_many_paths, first_ration,
          hangedman_feature_mirror, minmay_strange_pillars,
          kennysheep_generic_room_16
D:5:      layout_rooms, grunt_temple_overflow_holy_war, doesnt_xom_only_xom,
          uniq_blork_the_orc
D:6:      layout_basic, temple_hall, trog_hazing_becter, uniq_pikel
D:7:      layout_rooms, the_bakery, uniq_harold
D:8:      layout_basic, old_standard_altar, lemuel_doored_altar, kennysheep_nub,
          elyvilon_altar_3
Temple:   oiseaux_autumnal_temple

Skill      XL: |  1  2  3  4  5  6  7  8  9 10 |
---------------+-------------------------------+-----
Spellcasting   | 5 6 7 |  7.2
Invocations    | 1 2 3 4 5 |  5.6
Short Blades   | 1 2 3 4 5 |  5.1
Long Blades    | 1 2 3 4 5 |  5.1
Axes           | 1 2 3 4 5 |  5.1
Maces & Flails | 1 2 3 4 5 |  5.1
Polearms       | 1 2 3 4 5 |  5.1
Staves         | 1 2 3 4 5 |  5.1
Slings         | 1 2 3 4 5 |  5.1
Bows           | 1 2 3 4 5 |  5.1
Crossbows      | 1 2 3 4 5 |  5.1
Throwing       | 1 2 3 4 5 |  5.1
Armour         | 1 2 3 4 5 |  5.1
Stealth        | 1 2 3 4 5 |  5.1
Shields        | 1 2 3 4 5 |  5.1
Evocations     | 1 2 3 4 5 |  5.1
Conjurations   | 1 2 3 4 |  4.2
Hexes          | 1 2 3 4 |  4.2
Charms         | 1 2 3 4 |  4.2
Summonings     | 1 2 3 4 |  4.2
Necromancy     | 1 2 3 4 |  4.2
Translocations | 1 2 3 4 |  4.2
Fire Magic     | 1 2 3 4 |  4.2
Ice Magic      | 1 2 3 4 |  4.2
Air Magic      | 1 2 3 4 |  4.2
Earth Magic    | 1 2 3 4 |  4.2
Poison Magic   | 1 2 3 4 |  4.2
Fighting       | 3 4 5 |  5.7
Transmutations | 4 5 |  5.7
Dodging        | 5 6 |  6.9
Unarmed Combat | 7 8 |  8.4

Action                   |  1- 3 |  4- 6 |  7- 9 | 10-12 || total
-------------------------+-------+-------+-------+-------++-------
Melee: Unarmed           |    92 |    64 |    82 |    22 ||   260
       Bite              |     5 |     7 |    22 |     7 ||    41
       Headbutt          |     4 |     1 |     8 |     4 ||    17
       Flail             |       |    61 |   230 |    62 ||   353
       Kick              |       |     3 |     8 |     7 ||    18
       Punch             |       |     1 |     5 |       ||     6
Throw: Stone             |       |     1 |     1 |       ||     2
       Boomerang         |       |       |       |    11 ||    11
 Cast: Beastly Appendage |     9 |     8 |    13 |     7 ||    37
       Spider Form       |    11 |     8 |     9 |     2 ||    30
       Ice Form          |       |       |     1 |       ||     1
 Abil: End Transformatio |       |     1 |     1 |       ||     2
  Use: Potion            |       |       |     2 |     4 ||     6
       Scroll            |       |       |       |     4 ||     4
 Stab: Sleeping          |       |     4 |     3 |       ||     7
       Distracted        |       |       |     1 |       ||     1
  Eat: Chunk             |     3 |     5 |    12 |     3 ||    23
       Ration            |       |       |     1 |       ||     1
Armor: Robe              |    12 |     9 |     4 |       ||    25
       Skin              |     5 |     6 |     4 |     1 ||    16
       Ring mail         |       |       |    54 |    26 ||    80
Dodge: Dodged            |    65 |    97 |   283 |    88 ||   533
Block: Buckler           |       |       |    35 |    43 ||    78
